 Dungeon Crawl Stone Soup version 0.25-a0-513-ge77a69270c (webtiles) character file.

Game seed: 6661361728338752598, levelgen mode: deterministic

41 MrRokkomies the Chiller (level 3, 0/24 HPs)
             Began as a Vampire Ice Elementalist on Feb 16, 2020.
             Slain by a gnoll (6 damage)
             ... on level 2 of the Dungeon.
             The game lasted 00:03:49 (899 turns).

MrRokkomies the Chiller (Vampire Ice Elementalist)   Turns: 899, Time: 00:03:51

Health: 0/24       AC:  3    Str:  8    XL:     3   Next: 32%
Magic:  1/6        EV: 13    Int: 17    God:
Gold:   20         SH:  0    Dex: 14    Spells: 2/6 levels left

rFire    . . .     SeeInvis +   e - +0 short sword
rCold    . . .     Gourm    .   (no shield)
rNeg     . . .     Faith    .   a - +0 robe
rPois    .         Spirit   .   (no helmet)
rElec    .         Reflect  .   (no cloak)
rCorr    .         Harm     .   f - +0 pair of gloves
MR       .....                  (no boots)
Stlth    ++........             (no amulet)
HPRegen  0.28/turn              (no ring)
MPRegen  0.10/turn              (no ring)

@: frozen ramparts, regenerating quickly
A: no food, fangs 3, see invisible, unbreathing
a: Exsanguinate


You were on level 2 of the Dungeon.
You were alive.

You visited 1 branch of the dungeon, and saw 2 of its levels.

You collected 20 gold pieces.

Inventory:

Hand Weapons
 d - a +0 whip
 e - a +0 short sword (weapon)
Missiles
 b - 5 poisoned darts (quivered)
 h - 5 atropa-tipped darts
Armour
 a - a +0 robe (worn)
 f - a +0 pair of gloves (worn)
Scrolls
 c - 4 scrolls of teleportation
Potions
 i - a potion of mutation {unknown}
 j - a potion of haste {unknown}


   Skills:
 * Level 1.1 Throwing
 + Level 2.6 Dodging
 + Level 3.5 Stealth
 - Level 2.0 Spellcasting
 * Level 4.5 Ice Magic


You had 2 spell levels left.
You knew the following spells:

 Your Spells              Type           Power        Failure   Level  Hunger
a - Freeze                Ice            ###.         3%          1    N/A
b - Frozen Ramparts       Ice            ###...       9%          3    N/A

Your spell library contained the following spells:

 Spells                   Type           Power        Failure   Level  Hunger
 Ozocubu's Armour         Chrm/Ice       #.......     22%         3    N/A
 Hailstorm                Conj/Ice       #.......     58%         4    N/A
 Summon Ice Beast         Ice/Summ       #.......     58%         4    N/A

Dungeon Overview and Level Annotations

Branches:
Dungeon (2/15)

Altars:


Innate Abilities, Weirdness & Mutations

You do not eat.
Your natural rate of healing is unusually fast.
You have razor-sharp teeth.
You have supernaturally acute eyesight. (SInv)
You can survive without breathing.


Message History

The gnoll is lightly wounded.
The walls release a blast of icicles at the gnoll!
The gnoll barely misses you.
The rat twitches its whiskers.
You hit the gnoll but do no damage.
The gnoll is lightly wounded.
The gnoll is no longer encased in ice.
The walls release a blast of icicles at the gnoll!
The gnoll is encased in ice.
The gnoll hits you!
You hit the gnoll but do no damage.
The gnoll is moderately wounded.
The frozen ramparts melt away.
The gnoll hits you!
* * * LOW HITPOINT WARNING * * *
Casting: Frozen Ramparts (safe; 9% risk of failure)
Confirm with . or Enter, or press ? or * to list all spells.
The walls around you are covered in icicles.
You hear a shout!
The walls release a blast of icicles at the gnoll!
The gnoll hits you.
You die...

. .. ... ....
####..... ##
##....# .
#.@# #. #g##
#..##.#
##..#r)#
#%.....# ##
#.$....####
..
#.........#.#
###g##...<..#
...#.....>.#


You could see 2 gnolls and a rat.

Vanquished Creatures
  3 dart slugs (D:1)
  A leopard gecko (D:1)
  2 bats (D:1)
  A giant cockroach (D:1)
  6 goblins (D:1)
  2 hobgoblins
  3 jackals (D:1)
  6 kobolds
  A quokka (D:2)
  A frilled lizard (D:1)
  4 rats (D:1)
30 creatures vanquished.

Notes
Turn   | Place    | Note
-------+----------+-------------------------------------------
     0 | D:1      | MrRokkomies the Vampire Ice Elementalist began the quest
                  | for the Orb.
     0 | D:1      | Reached XP level 1. HP: 13/13 MP: 3/3
   142 | D:1      | Reached XP level 2. HP: 10/19 MP: 3/5
   501 | D:1      | Reached skill level 1 in Throwing
   501 | D:1      | Reached XP level 3. HP: 24/24 MP: 6/6
   506 | D:1      | Learned a level 3 spell: Frozen Ramparts
   899 | D:2      | Slain by a gnoll

Levels and vault maps discovered:
D:1:      minmay_arrival_five_plusses, layout_basic
D:2:      layout_rooms, ashenzari_altar_1, dk_noncrumbling_4,
          nicolae_ru_the_path_less_chosen

Skill      XL: |  1  2 |
---------------+-------+-----
Throwing       | 1 |  1.1
Dodging        | |  2.6
Stealth        | |  3.5
Spellcasting   | |  2.0
Ice Magic      | |  4.5

Action                   || total
-------------------------++-------
Melee: Short sword       ||    99
       Whip              ||     4
       Unarmed           ||     2
       Bite              ||     6
Throw: Dart              ||     6
 Cast: Freeze            ||     6
       Frozen Ramparts   ||     2
  Use: Scroll            ||     2
 Stab: Sleeping          ||     2
Armor: Robe              ||    19
Dodge: Dodged            ||    92

Table legend:
 A = Non-vault XP
 B = Vault XP
 C = Vault XP percentage of total XP
 D = Non-vault monster count
 E = Vault monster count
 F = Vault count percentage of total count
                 A         B        C        D         E       F
            +---------+---------+-------+---------+---------+-------
      Total |      59 |       0 |   0.0 |      30 |       0 |   0.0
            +---------+---------+-------+---------+---------+-------
        D:1 |      53 |       0 |   0.0 |      27 |       0 |   0.0
        D:2 |       6 |       0 |   0.0 |       3 |       0 |   0.0
            +---------+---------+-------+---------+---------+-------
